 Dungeon Crawl Stone Soup version 0.28-b1-1-g3c77fb2ed1 (webtiles) character file.

Game seed: 3378481827449564029

10784 hawla the Cruncher (level 11, -1/89 HPs)
             Began as a Green Draconian Conjurer on Jan 28, 2022.
             Was an Elder of Vehumet.
             Slain by a skeletal warrior (11 damage)
             ... led by a skeletal warrior
             ... on level 10 of the Dungeon on Jan 29, 2022.
             The game lasted 00:52:27 (15072 turns).

hawla the Cruncher (Green Draconian Conjurer)      Turns: 15072, Time: 00:52:27

Health: -1/89      AC: 12    Str: 10    XL:     11   Next: 40%
Magic:  4/18       EV: 12    Int: 23    God:    Vehumet [****..]
Gold:   666        SH:  0    Dex: 11    Spells: 3/20 levels left

rFire   + . .      SeeInvis .   i - staff of fire
rCold   . . .      Faith    .   (no shield)
rNeg    . . .      Spirit   .   (armour unavailable)
rPois   +          Reflect  .   p - +2 hat
rElec   .          Harm     .   (no cloak)
rCorr   +          Rampage  .   B - +2 pair of gloves
Will    .....                   (no boots)
Stlth   +.........              y - amulet "Teagg" {RegenMP rCorr Dex+2}
HPRegen 0.24/turn               a - ring of resist corrosion
MPRegen 0.56/turn               (no ring)

@: confused, marked, hasted, invisible, very quick
A: breathe noxious fumes, AC +7, unfitting armour, poison resistance,
cold-blooded
a: Breathe Noxious Fumes, Renounce Religion


You were on level 10 of the Dungeon.
You worshipped Vehumet.
Vehumet was greatly pleased with you.
You visited 2 branches of the dungeon, and saw 12 of its levels.
You also visited: Sewer.

You collected 666 gold pieces.

Inventory:

Hand Weapons
 u - a +1 quarterstaff
Missiles
 b - 6 boomerangs
 g - 52 poisoned darts (quivered)
 k - 2 throwing nets
Armour
 p - a +2 hat (worn)
 B - a +2 pair of gloves (worn)
Magical Staves
 c - a staff of earth
 i - a staff of fire (weapon)
Jewellery
 a - a ring of resist corrosion (left hand)
 n - a ring of ice
 y - the amulet "Teagg" (around neck) {RegenMP rCorr Dex+2}
   (You found it on level 5 of the Dungeon)

   [amulet of magic regeneration]

   It increases your rate of magic regeneration.
   Dex:       It affects your dexterity (+2).
   rCorr:     It protects you from acid and corrosion.
Wands
 d - a wand of flame (22)
 j - a wand of digging (7)
 l - a wand of iceblast (10)
Scrolls
 f - 2 scrolls of identify
 m - 3 scrolls of fog
 o - a scroll of holy word
 s - a scroll of magic mapping
 v - a scroll of enchant weapon
 A - a scroll of enchant armour
Potions
 e - 2 potions of haste
 h - a potion of flight
 r - a potion of invisibility
 t - 2 potions of might


   Skills:
 - Level 6.0 Fighting
 - Level 12.0 Staves
 + Level 4.9 Throwing
 - Level 1.7 Dodging
 - Level 1.7 Stealth
 - Level 5.0 Spellcasting
 - Level 5.0 Conjurations
 - Level 5.5 Necromancy
 - Level 4.0 Translocations
 - Level 5.0 Fire Magic
 - Level 3.0 Poison Magic
 - Level 2.0 Evocations


You had 3 spell levels left.
You knew the following spells:

 Your Spells              Type           Power      Damage    Failure   Level
a - Magic Dart            Conj           100%       1d8       1%          1
b - Flame Wave            Conj/Fire      43%        2d9       3%          4
c - Iskenderun's Mystic   Conj/Tloc      26%        2d7       4%          4
d - Dispel Undead         Necr           31%        3d14      10%         4
e - Olgreb's Toxic Radia  Pois           19%        N/A       7%          4

Your spell library contained the following spells:

 Spells                   Type           Power      Damage    Failure   Level
 Animate Skeleton         Necr           62%        N/A       1%          1
 Apportation              Tloc           48%        N/A       1%          1
 Searing Ray              Conj           56%        2d6       1%          2
 Static Discharge         Conj/Air       17%        N/A       1%          2
 Sandblast                Erth           10%        2d5       2%          1
 Dazzling Flash           Conj/Hex       34%        N/A       2%          3
 Stone Arrow              Conj/Erth      34%        3d9       2%          3
 Vampiric Draining        Necr           31%        2d8       3%          3
 Gell's Gravitas          Tloc           24%        N/A       5%          3
 Teleport Other           Tloc           24%        N/A       5%          3
 Slow                     Hex            20%        N/A       10%         1
 Summon Small Mammal      Summ           20%        N/A       10%         1
 Passwall                 Tmut/Erth      4%         N/A       14%         2
 Confusing Touch          Hex            5%         N/A       28%         3
 Sticky Flame             Conj/Fire      43%        2d6       3%          4
 Fulminant Prism          Conj/Hex       8%         3d7       9%          4
 Passage of Golubria      Tloc           24%        N/A       19%         4
 Agony                    Necr           31%        N/A       26%         5
 Silence                  Hex/Air        2%         N/A       95%         5
 Dispersal                Tloc           12%        N/A       95%         6
 Lehudib's Crystal Spear  Conj/Erth      8%         10d4      100%        8


Dungeon Overview and Level Annotations

Branches:
Dungeon (11/15)            Temple (1/1) D:5            Lair (0/6) D:9
    Orc (0/2) D:9           Sewer (visited)

Altars:
Ashenzari
Cheibriados
Dithmenos
Elyvilon
Fedhas
Gozag
Hepliaklqana
Kikubaaqudgha
Makhleb
Nemelex Xobeh
Okawaru
Qazlal
Ru
Sif Muna
Trog
Uskayaw
Vehumet
Wu Jian
Xom
Yredelemnul
Zin
The Shining One
Beogh

Annotations:
D:2 Terence


Innate Abilities, Weirdness & Mutations

You can breathe blasts of noxious fumes.
Your lurid green scales are hard. (AC +7)
You cannot fit into any form of body armour.
Your system is resistant to poisons. (rPois)
You are cold-blooded and may be slowed by cold attacks.


Message History

The splash of acid misses you.
Casting: Magic Dart (safe; 1% risk of failure)
Confirm with . or Enter, or press ? or * to list all spells.
You don't have enough magic to cast this spell.
You feel better.
Deactivating autopickup; reactivate with Ctrl-A.
* * * LOW HITPOINT WARNING * * *
The skeletal warrior closely misses you.
Okay, then.
You feel yourself speed up. The skeletal warrior barely misses you.
Something hits you but does no damage. Something bites you but does no damage.
The skeletal warrior closely misses you.
The acid dragon bites you but does no damage.
The acid dragon barely misses you.
There are monsters nearby! x2
There are monsters nearby!
You hit something but do no damage. You burn something.
The skeletal warrior hits you with a +0 mace.
* * * LOW HITPOINT WARNING * * *
Casting: Magic Dart (safe; 1% risk of failure)
Confirm with . or Enter, or press ? or * to list all spells.
You erupt in a blast of force!
The mystic blast hits something.
The mystic blast hits the skeletal warrior!
The skeletal warrior is lightly damaged.
The skeletal warrior is knocked back by the mystic blast.
The mystic blast hits the skeletal warrior but does no damage.
The skeletal warrior is lightly damaged.
The mystic blast hits the acid dragon!
You kill the acid dragon!
Vehumet accepts your kill.
You feel your power returning.
Okay, then.
Okay, then.
Okay, then.
You hear some strange, mumbled words.
You are confused.
The skeletal warrior hits you but does no damage.
You see here an acid dragon corpse.
The skeletal warrior hits you with a +0 scimitar!
You die...

....### ###.##
#...
#...#######...#
##..
###..##.......##
#..
##...#####...##
### ##..###
##...#### #..##
##.....## ##.##
##......## #.##
#........# .##
#...@z..## ##
#....†..## #
##...z>..## #
#######..##
##..## ##..##
##..## #...###
##....##


You could see 2 skeletal warriors.

Vanquished Creatures
  3 two-headed ogres
  An unseen horror (D:10)
  2 hornets
  15 yaks
  A wyvern (D:8)
  A vampire (D:11)
  A steam dragon (D:6)
  An acid dragon (D:10)
  4 water moccasins
  4 orc warriors
  3 sky beasts
  2 ice beasts
  6 necrophages
  2 ogres
  3 centaurs
  A phantom (D:5)
  6 kobold brigands
  A wyvern zombie (D:5)
  A bullfrog (D:9)
  A gnoll sergeant (D:9)
  2 scorpions (D:6)
  A water moccasin zombie (D:5)
  2 wyvern skeletons
  5 killer bees (D:7)
  7 wights
  9 howler monkeys
  2 bullfrog zombies (D:5)
  3 centaur zombies
  4 hounds
  A jelly (D:6)
  2 bullfrog skeletons
  7 orc priests
  3 iron imps (D:9)
  Jessica (D:2)
  An iguana (D:5)
  A gnoll shaman (D:6)
  Natasha (thrice) (D:3)
  7 orc wizards
  3 killer bee zombies (D:7)
  3 mummies (D:7)
  2 hound skeletons
  10 gnolls
  A howler monkey skeleton (D:7)
  11 adders
  4 river rats (Sewer)
  A shadow imp (D:6)
  A white imp (D:6)
  An ufetubus (D:4)
  A worm (D:2)
  4 dart slugs
  23 orcs
  7 ball pythons
  3 endoplasms
  5 giant cockroaches
  7 goblins
  2 hobgoblins
  4 jackals (D:2)
  5 quokkas
  4 bats
  5 frilled lizards (Sewer)
  31 kobolds
  15 rats
273 creatures vanquished.

Vanquished Creatures (others)
  4 withered plants (D:7)
4 creatures vanquished.

Grand Total: 277 creatures vanquished

Notes
Turn   | Place    | Note
-------+----------+-------------------------------------------
     0 | D:1      | hawla the Draconian Conjurer began the quest for the Orb.
     0 | D:1      | Reached XP level 1. HP: 14/14 MP: 3/3
   137 | D:1      | Reached skill level 1 in Translocations
   178 | D:1      | Reached XP level 2. HP: 20/20 MP: 3/5
   181 | D:1      | Learned a level 2 spell: Searing Ray
   672 | D:1      | Found a faded altar of an unknown god.
  1205 | D:2      | Reached XP level 3. HP: 26/26 MP: 1/7
  1438 | D:2      | Noticed Terence
  1447 | D:2      | Noticed Jessica
  1742 | D:2      | Killed Jessica
  1743 | D:2      | Reached XP level 4. HP: 33/33 MP: 4/8
  1748 | D:2      | Learned a level 4 spell: Iskenderun's Mystic Blast
  2828 | D:3      | Found a shadowy altar of Dithmenos.
  2840 | D:3      | Noticed Natasha
  2846 | D:3      | Killed Natasha
  2847 | D:3      | Reached XP level 5. HP: 29/38 MP: 1/10
  3030 | D:3      | Noticed Natasha
  3037 | D:3      | Killed Natasha
  3112 | D:3      | Noticed Natasha
  3119 | D:3      | Killed Natasha
  3289 | D:3      | Found a blossoming altar of Fedhas.
  3399 | D:4      | Reached skill level 1 in Staves
  3502 | D:4      | Noticed an ogre
  3509 | D:4      | Killed an ogre
  3510 | D:4      | Reached skill level 2 in Staves
  3510 | D:4      | Reached XP level 6. HP: 45/45 MP: 4/12
  3631 | D:4      | Found a radiant altar of Vehumet.
  3648 | D:4      | Became a worshipper of Vehumet
  3667 | D:4      | Found a glowing drain.
  3694 | Sewer    | Entered a sewer
  3765 | Sewer    | Reached skill level 3 in Staves
  4056 | Sewer    | Reached * piety under Vehumet
  4056 | Sewer    | Offered knowledge of Shock by Vehumet.
  4444 | D:4      | Reached skill level 4 in Staves
  4500 | D:4      | Found a glowing golden altar of the Shining One.
  4523 | D:4      | Found a hide-covered altar of Uskayaw.
  4892 | D:5      | Entered Level 5 of the Dungeon
  4961 | D:5      | Your scales start taking on a lurid green colour.
  4961 | D:5      | Reached XP level 7. HP: 26/50 MP: 4/13
  4961 | D:5      | Gained mutation: Your system is resistant to poisons.
                  | (rPois) [Green Draconian growth]
  5218 | D:5      | Identified the amulet "Teagg" {RegenMP rCorr Dex+2}
  5296 | D:5      | Found a staircase to the Ecumenical Temple.
  5323 | Temple   | Entered the Ecumenical Temple
  5422 | D:5      | Reached skill level 1 in Poison Magic
  5535 | D:5      | Reached skill level 5 in Staves
  5535 | D:5      | Reached skill level 1 in Fire Magic
  5535 | D:5      | Reached skill level 1 in Evocations
  5742 | D:5      | Reached skill level 1 in Throwing
  6291 | D:5      | Reached XP level 8. HP: 57/57 MP: 3/14
  6500 | D:5      | Found a sparkling altar of Nemelex Xobeh.
  6604 | D:5      | Found an ancient bone altar of Kikubaaqudgha.
  6634 | D:5      | Reached skill level 6 in Staves
  6876 | D:6      | Learned a level 4 spell: Dispel Undead
  7066 | D:6      | Reached skill level 1 in Necromancy
  7364 | D:6      | Found an opulent altar of Gozag.
  7658 | D:6      | Found a white marble altar of Elyvilon.
  7975 | D:6      | Reached skill level 5 in Spellcasting
  8633 | D:7      | Reached ** piety under Vehumet
  8633 | D:7      | Offered knowledge of Sandblast by Vehumet.
  8744 | D:7      | Reached XP level 9. HP: 41/62 MP: 12/16
  8750 | D:7      | Reached skill level 7 in Staves
  9043 | D:7      | Reached skill level 5 in Conjurations
  9043 | D:7      | Reached skill level 5 in Necromancy
  9430 | D:7      | Reached skill level 8 in Staves
  9477 | D:7      | Offered knowledge of Inner Flame by Vehumet.
  9508 | D:7      | Noticed a troll
  9538 | D:7      | HP: 2/62 [orc priest/divine providence (16)]
  9923 | D:8      | Reached skill level 9 in Staves
 10274 | D:8      | Reached skill level 1 in Fighting
 10552 | D:7      | Reached *** piety under Vehumet
 10607 | D:7      | Reached XP level 10. HP: 46/77 MP: 7/17
 10636 | D:7      | Reached skill level 10 in Staves
 11514 | D:8      | Offered knowledge of Flame Wave by Vehumet.
 11701 | D:9      | Found a staircase to the Lair.
 11718 | D:9      | Learned a level 4 spell: Flame Wave
 11780 | D:9      | Found a shimmering altar of Xom.
 11869 | D:9      | Found a burning altar of Makhleb.
 11986 | D:9      | Found a staircase to the Orcish Mines.
 11994 | D:9      | Reached skill level 5 in Fighting
 12372 | D:9      | Reached **** piety under Vehumet
 12388 | D:9      | Noticed a two-headed ogre
 12398 | D:9      | Killed a two-headed ogre
 12651 | D:9      | Reached skill level 11 in Staves
 12668 | D:9      | Offered knowledge of Olgreb's Toxic Radiance by Vehumet.
 12674 | D:9      | Learned a level 4 spell: Olgreb's Toxic Radiance
 13326 | D:10     | Entered Level 10 of the Dungeon
 13505 | D:10     | Found a hazy altar of Hepliaklqana.
 13505 | D:10     | Found a sacrificial altar of Ru.
 13505 | D:10     | Noticed a two-headed ogre
 13514 | D:10     | Killed a two-headed ogre
 13515 | D:10     | Reached skill level 5 in Fire Magic
 13515 | D:10     | Reached XP level 11. HP: 89/89 MP: 2/18
 13976 | D:10     | Noticed a two-headed ogre
 14016 | D:10     | Killed a two-headed ogre
 14017 | D:10     | Reached skill level 12 in Staves
 15044 | D:11     | Noticed a skeletal warrior
 15045 | D:11     | Noticed a skeletal warrior
 15047 | D:11     | Noticed a skeletal warrior
 15072 | D:10     | Slain by a skeletal warrior

Illustrated notes

Levels and vault maps discovered:
D:1:      psy_arrival_radial01, layout_loops_ring,
          hellmonk_ecumenical_altar_blasted, hex_tiny, minmay_tiny_reverse_x
D:2:      layout_loops_ring, uniq_jessica, uniq_terence
D:3:      layout_loops_ring, fedhas_altar_4, mainiacjoe_overflow_catwalk,
          uniq_natasha
D:4:      layout_cave_pools, fiery_altar_vehumet,
          mainiacjoe_overflow_large_starburst, portal_sewer_entry_f
D:5:      layout_loops_ring, nemelex_xobeh_ov_fountains_minmay,
          mainiacjoe_overflow_brackets, minmay_temple_entry_steel_oval,
          kennysheep_potato
D:6:      kb_forest_paths, layout_loops_corners, nicolae_overflow_crystal_walls,
          elyvilon_altar_5
D:7:      layout_rooms, serial_undead, serial_undead_e, serial_undead_c,
          serial_undead_a, serial_undead_a, serial_undead_e, serial_undead_e
D:8:      layout_loops_ring
D:9:      layout_basic, demons_altar, lemuel_tele_altar, lair_entry_dummy,
          minmay_orc_entry_temple_small
D:10:     layout_cave_pods, chequers_temple_overflow_statue_of_worship
D:11:     layout_cave_pools
Temple:   dpeg_three_leaves_temple

Skill      XL: |  1  2  3  4  5  6  7  8  9 10 11 |
---------------+----------------------------------+-----
Translocations | 1 2 3 4 |  4.0
Spellcasting   | 3 4 5 |  5.0
Staves         | 2 4 5 6 9 11 12 | 12.0
Poison Magic   | 2 3 |  3.0
Fire Magic     | 2 5 |  5.0
Evocations     | 2 |  2.0
Throwing       | 1 4 |  4.9
Necromancy     | 4 5 |  5.5
Conjurations   | 5 |  5.0
Fighting       | 3 6 |  6.0
Dodging        | |  1.7
Stealth        | |  1.7

Action                   |  1- 3 |  4- 6 |  7- 9 | 10-12 || total
-------------------------+-------+-------+-------+-------++-------
Melee: Unarmed           |    35 |       |       |       ||    35
       Tailslap          |     4 |     9 |    15 |     5 ||    33
       Staff             |     7 |    52 |    96 |    30 ||   185
       Quarterstaff      |       |    29 |       |       ||    29
       Punch             |       |       |     1 |     2 ||     3
Throw: Boomerang         |     2 |     3 |       |       ||     5
       Dart              |     4 |     8 |       |     9 ||    21
 Cast: Magic Dart        |    19 |    22 |    15 |    67 ||   123
       Searing Ray       |    16 |    41 |    66 |    11 ||   134
       Iskenderun's Myst |       |     5 |    42 |    32 ||    79
       Dispel Undead     |       |       |    24 |     5 ||    29
       Flame Wave        |       |       |       |    34 ||    34
       Olgreb's Toxic Ra |       |       |       |     7 ||     7
 Abil: Breathe Noxious F |       |       |     1 |       ||     1
Evoke: Wand              |       |       |     2 |     1 ||     3
  Use: Scroll            |     2 |     4 |     2 |    12 ||    20
       Potion            |       |     1 |     7 |     8 ||    16
 Stab: Sleeping          |     1 |     2 |       |       ||     3
       Distracted        |       |       |     1 |       ||     1
Armor: Skin              |    10 |    35 |   110 |    58 ||   213
Dodge: Dodged            |    29 |    69 |   155 |   106 ||   359
